Map: Triton LE

Players

DnS

  • Race: Protoss Protoss
  • Spawn Location: 11:00

Denver - Winner!

  • Race: Zerg Zerg
  • Spawn Location: 5:00

VOD

Have the link to the VOD?

Description

Time

  • Played on: Sept. 7, 2019, 2:01 p.m.
  • Length: 16:24
Show
View Real Time Build Order
Export as new Build Order

DnS Protoss 

Build Orders: 1 Gate Expand, Oracle Opening, Phoenix Opening, Archon Immortal, Archon Drop 

Get SALT Encoding   

  12  0:00  Probe  
  13  0:12  Probe  
  14  0:18  Pylon  
  14  0:24  Probe  
  15  0:32  Probe  
  15  0:39  Gateway  
  15  0:40  Probe  
  16  0:46  Assimilator  
  17  0:51  Probe  
  18  1:03  Probe  
  19  1:15  Probe  
  20  1:23  Nexus  
  20  1:33  Cybernetics Core  
  20  1:37  Probe  
  21  1:44  Assimilator  
  21  1:49  Probe  
  21  1:52  Pylon  
  22  2:00  Adept  
  22  2:01  Probe  
  23  2:13  Probe  
  26  2:17  Stargate  
  26  2:24  Probe  
  26  2:26  Warp Gate  
  27  2:32  Probe  
  27  2:33  Probe  
  27  2:34  Stalker  
  31  2:40  Probe  
  31  2:42  Probe  
  33  2:51  Probe  
  33  2:52  Probe  
  33  2:56  Oracle  
  35  3:03  Probe  
  39  3:07  Probe  
  39  3:11  Pylon  
  40  3:16  Probe  
  41  3:20  Probe  
  41  3:25  Gateway  
  42  3:28  Probe, Assimilator  
  42  3:29  Phoenix  
  42  3:31  Assimilator  
  42  3:32  Probe  
  46  3:40  Probe  
  47  3:42  Probe  
  47  3:47  Robotics Facility  
  47  3:50  Probe  
  47  3:52  Probe  
  49  3:58  Twilight Council  
  49  3:59  Probe  
  49  4:04  Probe  
  51  4:11  Pylon, Probe  
  51  4:16  Probe  
  53  4:22  Gateway  
  53  4:23  Probe  
  54  4:25  Gateway  
  54  4:27  Warp Prism  
  54  4:30  Adept  
  56  4:31  Pylon  
  56  4:32  Zealot  
  60  4:41  Templar Archives  
  60  4:56  Probe  
  60  4:57  Probe  
  60  4:58  Nexus  
  58  5:15  Pylon  
  58  5:18  Pylon  
  58  5:20  Immortal  
  64  5:24  High Templar x2  
  64  5:25  High Templar x2  
  64  5:27  Pylon  
  66  5:29  Archon x2  
  70  5:38  Forge, Probe x2  
  71  5:44  Charge  
  70  5:50  Probe x2  
  70  5:55  Immortal  
  72  6:02  Probe x2  
  72  6:03  Protoss Ground Weapons Level 1  
  74  6:09  Gateway  
  74  6:10  Gateway  
  78  6:18  Gateway  
  68  6:20  Gateway, Sentry x2  
  68  6:21  Zealot  
  68  6:22  Probe  
  68  6:23  Immortal  
  68  6:24  Probe  
  76  6:32  Zealot  
  78  6:34  Probe  
  78  6:36  Pylon, Probe  
  84  6:45  Zealot x2  
  88  6:48  Zealot  
  88  6:49  Pylon  
  88  6:51  Warp Prism  
  90  7:04  Probe  
  90  7:05  Probe  
  94  7:09  High Templar x2  
  94  7:10  Zealot x4  
  94  7:14  Pylon, Archon  
  106  7:22  Pylon  
  106  7:23  Pylon  
  106  7:25  Probe x2  
  106  7:26  Zealot x2  
  112  7:32  Zealot x2  
  112  7:33  Zealot x2  
  120  7:47  High Templar  
  120  7:48  Zealot, High Templar  
  120  7:49  Zealot  
  128  7:51  Archon  
  128  7:53  Zealot x2  
  128  7:55  Zealot x2  
  135  7:58  Pylon  
  135  8:00  Pylon  
  135  8:01  Protoss Ground Weapons Level 2  
  135  8:04  Immortal  
  131  8:20  Probe x2  
  131  8:21  Probe  
  131  8:24  Assimilator  
  131  8:25  Assimilator  
  131  8:26  Psionic Storm  
  134  8:32  Probe  
  134  8:33  Probe  
  134  8:35  Immortal  
  134  8:40  Zealot x3  
  134  8:41  Zealot x5  
  108  9:02  Immortal, High Templar x3  
  102  9:07  Shield Battery  
  104  9:10  Shield Battery  
  104  9:15  Zealot  
  110  9:22  Shield Battery  
  110  9:24  Shield Battery  
  110  9:28  Zealot x2, High Templar x2  
  118  9:36  Zealot  
  118  9:37  Zealot x3  
  121  9:43  Probe x3  
  124  9:52  Stalker  
  124  9:53  Stalker  
  124  9:54  Phoenix  
  124  9:56  Pylon  
  124  9:58  Stalker x3  
  130  10:01  Probe x2  
  130  10:05  High Templar x2  
  130  10:06  Probe  
  133  10:11  Phoenix  
  133  10:13  Probe x2  
  131  10:18  Probe  
  133  10:23  Archon  
  133  10:25  Probe x2  
  133  10:30  Probe  
  132  10:36  Probe x2  
  132  10:37  Phoenix  
  132  10:42  Probe  
  137  10:44  Probe x2  
  138  10:52  Probe  
  138  10:54  Probe  
  138  11:02  Phoenix  
  135  11:07  Probe  
  135  11:10  Probe x2  
  133  11:17  High Templar x3, Probe  
  133  11:18  High Templar  
  141  11:21  Archon  
  141  11:23  Archon, Probe x2  
  141  11:25  Probe  
  144  11:27  Phoenix  
  145  11:35  Probe x2  
  145  11:36  Probe  
  145  11:38  High Templar x2  
  149  11:40  Protoss Ground Weapons Level 3  
  149  11:43  Archon  
  149  11:48  Immortal  
  153  11:59  Probe x3  
  154  12:05  Nexus  
  154  12:06  Pylon, Zealot x4  
  162  12:09  Pylon  
  161  12:16  Pylon  
  161  12:17  Pylon  
  161  12:19  Pylon  
  161  12:22  Zealot, High Templar x2  
  165  12:26  Archon  
  163  12:30  Probe x2  
  157  12:37  Warp Prism  
  159  12:53  Fleet Beacon  
  159  12:56  Stargate  
  159  12:58  Probe x3  
  161  13:01  Zealot  
  161  13:02  Nexus  
  161  13:03  Zealot x3  
  168  13:10  Nexus  
  168  13:11  Pylon, Probe x2  
  164  13:14  Pylon  
  164  13:22  High Templar x2  
  164  13:23  High Templar  
  164  13:25  Zealot x2  
  164  13:26  Archon  
  164  13:31  Observer  
  156  13:36  Carrier  
  156  13:38  High Templar x2  
  153  13:42  Carrier  
  153  13:48  Probe  
  160  13:49  Probe, Assimilator  
  160  13:51  Assimilator  
  161  14:00  Zealot x3  
  171  14:19  Photon Cannon  
  171  14:20  Shield Battery  
  171  14:30  Zealot x4  
  169  14:36  High Templar x2  
  163  14:40  Carrier  
  163  14:41  Archon  
  163  14:42  Carrier  
  175  14:59  Archon  
  155  15:07  Zealot  
  155  15:10  Photon Cannon  
  155  15:11  High Templar  
  155  15:12  Photon Cannon, High Templar  
  159  15:15  Probe x3  
  159  15:16  Photon Cannon  
  162  15:25  Zealot  
  162  15:26  Zealot x2  
  168  15:29  Archon  
  159  15:39  Zealot x2  
  147  15:43  Observer  
  147  15:48  Zealot x2  
  147  15:49  Zealot x2  
  98  16:08  Zealot x2  
  94  16:14  Zealot x4  
Show
View Real Time Build Order
Export as new Build Order

Denver Zerg - Winner!

Build Orders: Hatch First, Lurkers 

Get SALT Encoding   

  12  0:00  Drone  
  13  0:07  Drone  
  14  0:32  Hatchery  
  13  0:36  Drone  
  13  0:42  Drone, Extractor  
  14  0:49  Overlord  
  15  1:08  Drone x2  
  15  1:11  Drone  
  18  1:15  Extractor  
  18  1:18  Spawning Pool  
  16  1:20  Drone  
  17  1:30  Drone  
  18  1:40  Drone  
  18  1:45  Drone  
  20  1:51  Drone  
  21  2:05  Zergling x2, Queen x2  
  21  2:06  Zergling x2  
  27  2:09  Overlord  
  27  2:19  Drone  
  28  2:28  Drone x3  
  31  2:39  Hatchery  
  31  2:42  Pneumatized Carapace  
  30  2:45  Drone  
  30  2:48  Drone  
  32  2:53  Overlord  
  32  2:56  Metabolic Boost  
  32  2:59  Drone  
  32  3:02  Drone  
  32  3:04  Drone  
  35  3:09  Drone  
  36  3:13  Queen  
  36  3:16  Drone  
  36  3:19  Drone x2  
  41  3:20  Drone  
  41  3:25  Overlord  
  42  3:28  Drone  
  43  3:40  Spore Crawler, Queen  
  44  3:42  Spore Crawler  
  43  3:49  Drone x6  
  43  3:50  Drone  
  50  3:57  Drone x4  
  54  4:07  Drone  
  54  4:09  Overlord  
  54  4:11  Drone x2  
  54  4:14  Overlord  
  54  4:16  Overlord  
  55  4:17  Overlord  
  55  4:24  Lair  
  55  4:25  Overlord  
  55  4:35  Spore Crawler, Drone x6  
  60  4:39  Extractor  
  60  4:41  Extractor  
  60  4:42  Extractor, Queen  
  59  4:46  Drone x3  
  59  4:49  Zergling x4  
  64  4:56  Drone x4  
  64  4:57  Drone x2  
  70  5:01  Drone x3  
  72  5:10  Drone x3  
  72  5:21  Roach Warren  
  72  5:24  Overlord  
  72  5:25  Drone  
  72  5:26  Drone x2  
  72  5:28  Overlord x2  
  74  5:31  Overlord  
  74  5:36  Overlord  
  74  5:39  Overlord  
  74  5:41  Overlord  
  73  5:44  Overlord  
  73  5:48  Zergling x16  
  79  5:51  Extractor  
  79  5:52  Evolution Chamber, Extractor  
  76  6:02  Roach x8  
  76  6:03  Glial Reconstitution  
  88  6:12  Drone  
  88  6:13  Drone x2  
  88  6:15  Spire, Drone  
  90  6:18  Zerg Missile Weapons Level 1  
  90  6:21  Overseer  
  90  6:22  Overlord x2  
  90  6:24  Ravager  
  91  6:31  Drone x5  
  96  6:42  Roach  
  96  6:43  Roach x2  
  96  6:45  Drone, Hatchery  
  102  6:49  Overlord  
  102  6:51  Roach x2  
  106  6:57  Drone  
  106  6:58  Drone x2  
  106  7:00  Drone  
  108  7:03  Roach x2  
  112  7:11  Overlord  
  112  7:12  Roach  
  114  7:24  Drone  
  114  7:25  Roach  
  114  7:26  Roach x8  
  133  7:30  Overlord, Hatchery  
  129  7:38  Roach x2  
  129  7:44  Overlord, Roach  
  133  7:45  Roach x5  
  133  7:47  Ravager x6  
  133  7:48  Ravager  
  133  7:49  Zergling x2  
  152  7:52  Zergling x6  
  152  7:57  Zergling x4  
  157  7:59  Overlord  
  157  8:03  Roach x2  
  158  8:06  Overlord  
  158  8:11  Roach x3  
  161  8:16  Overlord, Ravager x2, Zerg Missile Weapons Level 2  
  163  8:24  Roach x5  
  163  8:25  Overlord  
  173  8:29  Overlord  
  173  8:30  Zergling x4  
  167  8:41  Zergling x2  
  167  8:42  Zergling x14  
  147  8:51  Zergling x12  
  147  8:55  Roach  
  130  9:01  Mutalisk x6  
  132  9:04  Zerg Flyer Weapons Level 1  
  132  9:07  Overlord, Drone  
  133  9:13  Roach x3  
  139  9:19  Roach x3  
  145  9:27  Roach x5  
  148  9:37  Drone x2  
  148  9:38  Queen  
  151  9:39  Baneling Nest, Queen  
  151  9:42  Mutalisk x3  
  159  9:52  Zergling x2  
  159  9:53  Zergling x12, Roach  
  167  10:01  Zergling x2  
  167  10:02  Zergling x12, Roach  
  176  10:15  Roach  
  176  10:16  Roach x6  
  176  10:17  Infestation Pit  
  176  10:20  Roach x3  
  195  10:30  Centrifical Hooks  
  195  10:33  Drone x4, Zerg Melee Weapons Level 1  
  194  11:10  Mutalisk  
  194  11:11  Mutalisk  
  198  11:19  Hive  
  198  11:21  Baneling  
  198  11:22  Baneling x18  
  198  11:24  Extractor  
  197  11:26  Drone x2, Extractor  
  196  11:32  Hatchery  
  189  11:45  Zerg Flyer Weapons Level 2  
  179  11:49  Hydralisk Den  
  178  11:55  Zergling x14  
  178  11:56  Zergling x2, Roach x2  
  178  11:59  Drone x2  
  178  12:00  Drone  
  193  12:06  Hydralisk Den  
  190  12:21  Grooved Spines  
  190  12:22  Hydralisk x5  
  191  12:23  Lurker Den  
  189  12:38  Adrenal Glands  
  189  12:41  Evolution Chamber  
  188  12:45  Muscular Augments  
  188  12:46  Zerg Missile Weapons Level 3  
  188  12:47  Evolution Chamber  
  187  12:53  Hydralisk x6  
  187  12:57  Extractor  
  187  12:58  Overlord, Extractor  
  194  13:12  Hydralisk x8  
  184  13:32  Hydralisk x10  
  192  13:35  Zerg Melee Weapons Level 2  
  192  13:37  Drone x9  
  182  13:54  Adaptive Talons  
  182  13:59  Zergling x24, Hydralisk x2  
  198  14:07  Baneling  
  198  14:08  Baneling x12  
  198  14:12  Zerg Ground Armor Level 1  
  198  14:15  Spine Crawler  
  197  14:18  Spine Crawler  
  197  14:23  Lurker x4  
  197  14:43  Lurker x2  
  199  14:47  Baneling  
  199  14:48  Baneling x11  
  177  15:07  Hydralisk x7  
  177  15:08  Hydralisk x4  
  189  15:15  Zergling x2  
  189  15:16  Zergling x20  
  189  15:18  Overseer  
  196  15:36  Hydralisk x6  
  196  15:43  Zergling x2  
  196  15:44  Zergling x6  
  171  15:57  Hydralisk x15  
  171  15:58  Zergling x2  
  171  16:03  Zergling x22  
Tags
 
Add a new tag
Caveats
  • Supply blocks, unpowered buildings, or Contaminate may cause inaccurate times.
  • Supply counts are checked every 10 seconds.